 Dungeon Crawl Stone Soup version 0.32-a0-938-g40ac7a0f4d (webtiles) character file.

Game seed: 18282395086037007179

3842 Autsider the Fighter (level 10, -2/85 HPs)
             Began as a Formicid Hunter on Apr 15, 2024.
             Was an Initiate of Okawaru.
             Slain by a vampire (6 damage)
             ... on level 9 of the Dungeon.
             The game lasted 00:20:18 (8716 turns).

Autsider the Fighter (Formicid Hunter)              Turns: 8716, Time: 00:20:19

Health: -2/85      AC:  8    Str: 21    XL:     10   Next: 41%
Magic:  22/22      EV: 13    Int:  9    God:    Okawaru [......]
Gold:   413        SH:  0    Dex: 19    Spells: 9/9 levels left

rFire   + . .        l - +8 short sword of Tomorrow {speed, rPois rF+ rC+ Str+3}
rCold   + . .        (no shield)
rNeg    . . .        y - +3 leather armour {Will+}
rPois   +            (helmet unavailable)
rElec   .            p - +1 cloak
rCorr   .            (no gloves)
SInv    +            (no boots)
Will    ++...        (no amulet)
Stlth   +++          o - ring of magical power
HPRegen 0.34/turn    u - ring of flight
MPRegen 0.18/turn

%: no passive effects
@: flying
A: permanent stasis, dig shafts and tunnels, antennae 3, four strong arms
a: Dig, Shaft Self, Renounce Religion


You were on level 9 of the Dungeon.
You worshipped Okawaru.
Okawaru was noncommittal.
You visited 2 branches of the dungeon, and saw 10 of its levels.
You also visited: Sewer.

You collected 413 gold pieces.

Inventory:

Hand Weapons
 a - a +1 shortbow of freezing
 l - the +8 short sword of Tomorrow (weapon) {speed, rPois rF+ rC+ Str+3}
   (You took it off a goblin on level 2 of the Dungeon)

   Str+3:     It affects your strength (+3).
   rF+:       It protects you from fire.
   rC+:       It protects you from cold.
   rPois:     It protects you from poison.
 A - a +0 heavy broad axe
 J - a +2 dagger of venom
Missiles
 s - 30 poisoned darts
 t - a throwing net
 B - 4 datura-tipped darts
 H - a curare-tipped dart
Armour
 p - a +1 cloak (worn)
 y - a +3 leather armour of willpower (worn)
Jewellery
 o - a ring of magical power (left hand)
 r - a ring of poison resistance
 u - a ring of flight (right hand)
Wands
 n - a wand of flame (44)
 z - a wand of iceblast (14)
 K - a wand of digging (7)
Scrolls
 b - a scroll of butterflies
 c - a scroll of enchant weapon
 i - a scroll of brand weapon
 j - a scroll of immolation
 v - a scroll of poison
 w - a scroll of noise {unknown}
 E - a scroll of revelation {unknown}
 F - a scroll of summoning {unknown}
Potions
 d - a potion of invisibility {unknown}
 e - a potion of degeneration {unknown}
 f - 2 potions of curing {unknown}
 g - a potion of brilliance {unknown}
 h - a potion of resistance {unknown}
 k - 2 potions of might {unknown}
 m - 3 potions of heal wounds {@q2}
 q - a potion of ambrosia {unknown}
 x - a potion of enlightenment {unknown}
 C - 2 potions of mutation {unknown}
 D - a potion of magic {unknown}
 I - a potion of lignification {unknown}


   Skills:
 - Level 10.0 Fighting
 + Level 8.2 Ranged Weapons
 - Level 4.0 Dodging
 - Level 6.0 Stealth
 - Level 5.0 Invocations
 - Level 5.0 Evocations


You had 9 spell levels left.
You didn't know any spells.
Your spell library contained the following spells:

 Spells                   Type           Power      Damage    Failure   Level
 Anguish                  Hex/Necr       0%         N/A       99%         4
 Cause Fear               Hex            0%         N/A       99%         4
 Ignite Poison            Fire/Alch      0%         N/A       99%         4
 Sticky Flame             Fire/Alch      0%         2d4       99%         4
 Enfeeble                 Hex            0%         N/A       100%        7
 Ignition                 Fire           0%         3d3       100%        8


Dungeon Overview and Level Annotations

Branches:
Dungeon (9/15)             Temple (1/1) D:4           Sewer (visited)
   Lair: D:8-11         Orc: D:9-12

Altars:
Ashenzari
Cheibriados
Dithmenos
Fedhas
Gozag
Makhleb
Okawaru
Qazlal
Ru
Sif Muna
Trog
Wu Jian
Xom
Yredelemnul
The Shining One

Shops:
D:5 !

Annotations:
D:8 2 transporters, exclusion: 2 ice statues, NotYourErnst's ghost, novice GrIE


Innate Abilities, Weirdness & Mutations

You cannot be hasted, slowed, berserked, paralysed or teleported.
You can dig through walls and to a lower floor.
You have a pair of large antennae on your head. (SInv)
Your four strong arms can wield two-handed weapons with a shield.


Message History

The vampire closely misses you. The vampire bites you.
* * * LOW HITPOINT WARNING * * *
The vampire draws strength from your injuries!
You closely miss the vampire.
The vampire is almost destroyed.
The vampire draws life force from you.
* * * LOW HITPOINT WARNING * * *
The vampire is healed by the life force!
You barely miss the vampire.
The vampire is severely damaged.
You closely miss the vampire.
The vampire is severely damaged.
The vampire draws life force from you!
* * * LOW HITPOINT WARNING * * *
The vampire is healed by the life force!
You puncture the vampire!
The vampire is severely damaged.
You barely miss the vampire.
The vampire is severely damaged.
The vampire closely misses you.
The vampire bites you but does no damage.
You closely miss the vampire.
The vampire is severely damaged.
The vampire hits you but does no damage.
The vampire bites you.
* * * LOW HITPOINT WARNING * * *
The vampire draws strength from your injuries!
You hit the vampire but do no damage.
The vampire is severely damaged.
Aiming: Throw Flame
Press: ? - help, Shift-Dir - straight line, f - vampire
Aim: a vampire (severely damaged, slightly transparent, 74% to hit)
Okay, then.
Aiming: Throw Flame
Press: ? - help, Shift-Dir - straight line, f - vampire
Aim: a vampire (severely damaged, slightly transparent, 74% to hit)
The puff of flame misses the vampire.
The vampire hits you.
* * * LOW HITPOINT WARNING * * *
The vampire bites you.
You die...

#.# #.^# ##.###
#....# # #....### ...
'. #......###.....
#...###....#.<.......
#...V....#####.....
#####@...# ### ###.##
#.### #...# ###.# ###


You could see a vampire (invisible).

Vanquished Creatures
  Maggie (D:6)
  Eustachio (D:5)
  3 ice beasts
  Pargi (Sewer)
  A black bear (D:8)
  A sky beast (D:6)
  2 ogres
  2 phantoms
  A weeping skull (D:7)
  3 kobold brigands
  2 wyvern zombies (D:7)
  5 bullfrogs
  A brain worm (Sewer)
  2 scorpions
  9 wights
  A howler monkey (D:4)
  2 bombardier beetles
  2 centaur zombies (D:7)
  2 jellies
  4 hounds
  3 orc priests (D:8)
  Crazy Yiuf (D:2)
  A gnoll bouda (D:6)
  A human zombie (D:7)
  A sleepcap (D:4)
  Terence (D:3)
  Jessica (D:2)
  Natasha (thrice) (D:2)
  5 iguanas
  2 orc wizards
  A mummy (D:7)
  8 gnolls
  14 adders
  2 shadow imps
  3 white imps
  2 ufetubi (D:5)
  3 ribbon worms
  4 dart slugs
  9 orcs
  5 ball pythons
  14 bats
  8 endoplasms
  2 giant cockroaches (D:1)
  10 goblins
  8 hobgoblins
  2 jackals (D:2)
  18 kobolds
  2 quokkas
  8 frilled lizards
  5 rats
193 creatures vanquished.

Notes
Turn   | Place    | Note
-------+----------+-------------------------------------------
     0 | D:1      | Autsider the Formicid Hunter began the quest for the Orb.
     0 | D:1      | Reached XP level 1. HP: 16/16 MP: 1/1
    65 | D:1      | Reached XP level 2. HP: 23/23 MP: 2/2
   265 | D:1      | Reached skill level 3 in Fighting
   265 | D:1      | Reached XP level 3. HP: 29/29 MP: 3/3
   961 | D:2      | Noticed Natasha
   970 | D:2      | Killed Natasha
   971 | D:2      | Reached XP level 4. HP: 5/37 MP: 4/4
  1113 | D:2      | Noticed Jessica
  1117 | D:2      | Killed Jessica
  1118 | D:2      | Reached skill level 5 in Ranged Weapons
  1199 | D:2      | Reached skill level 4 in Fighting
  1210 | D:2      | Reached XP level 5. HP: 39/42 MP: 5/5
  1235 | D:2      | Identified the +8 short sword of Tomorrow {speed, rPois rF+
                  | rC+ Str+3}
  1467 | D:2      | Noticed Natasha
  1475 | D:2      | Killed Natasha
  1671 | D:2      | Reached XP level 6. HP: 48/49 MP: 6/6
  1907 | D:2      | Found a runed translucent door.
  1908 | D:2      | Noticed Crazy Yiuf
  1946 | D:2      | Noticed Natasha
  1961 | D:2      | Killed Natasha
  2406 | D:2      | Killed Crazy Yiuf
  2407 | D:2      | Reached skill level 5 in Fighting
  2713 | D:3      | Noticed Terence
  2753 | D:3      | Killed Terence
  2898 | D:3      | Found a glowing drain.
  2911 | Sewer    | Entered a sewer
  2951 | Sewer    | Reached XP level 7. HP: 45/56 MP: 7/7
  2997 | Sewer    | Noticed Pargi
  3013 | Sewer    | Killed Pargi
  4090 | D:4      | Reached skill level 6 in Fighting
  4506 | D:4      | Found a staircase to the Ecumenical Temple.
  4598 | Temple   | Entered the Ecumenical Temple
  4612 | Temple   | Became a worshipper of the Shining One
  4647 | D:5      | Entered Level 5 of the Dungeon
  4647 | D:5      | Found Mulixtashru's Distillery.
  4693 | D:5      | Reached XP level 8. HP: 64/64 MP: 8/8
  4749 | D:5      | Reached skill level 5 in Stealth
  4817 | D:5      | Found a snail-covered altar of Cheibriados.
  4916 | D:5      | Reached skill level 7 in Fighting
  5187 | D:5      | Noticed Eustachio
  5225 | D:5      | Killed Eustachio
  5226 | D:5      | Reached skill level 8 in Fighting
  5313 | D:5      | Found a sacrificial altar of Ru.
  5443 | D:5      | Reached skill level 1 in Evocations
  5443 | D:5      | Reached * piety under the Shining One
  5451 | D:5      | Reached XP level 9. HP: 67/74 MP: 9/9
  5605 | D:6      | Reached skill level 1 in Invocations
  6120 | D:6      | Noticed Maggie
  6151 | D:6      | Killed Maggie
  6448 | D:6      | Found a blossoming altar of Fedhas.
  6769 | D:6      | Reached skill level 9 in Fighting
  7050 | D:7      | Reached ** piety under the Shining One
  7064 | D:7      | Reached XP level 10. HP: 71/83 MP: 13/13
  7612 | D:7      | Found a basalt altar of Yredelemnul.
  7671 | D:7      | Reached skill level 5 in Invocations
  7758 | D:7      | Reached skill level 5 in Evocations
  8081 | D:8      | Reached skill level 10 in Fighting
  8222 | D:8      | Reached *** piety under the Shining One
  8236 | D:8      | Found an iron altar of Okawaru.
  8251 | D:8      | Fell from the grace of the Shining One
  8251 | D:8      | Became a worshipper of Warmaster Okawaru
  8424 | D:8      | Found a transporter.
  8425 | D:8      | Noticed a cyan ugly thing
  8429 | D:8      | Noticed a boulder beetle
  8430 | D:8      | Noticed an ice statue
  8431 | D:8      | Noticed NotYourErnst's ghost (novice GrIE)
  8443 | D:8      | Found a transporter.
  8445 | D:8      | Noticed an ice statue
  8553 | D:8      | Found a burning altar of Makhleb.
  8716 | D:9      | HP: 4/85 [vampire (4)]
  8716 | D:9      | Slain by a vampire

Illustrated notes

Levels and vault maps discovered:
D:1:      sevenhm_arrival_forest_fort_small_4, layout_basic,
          kennysheep_flooded_box
D:2:      layout_loops_ring, grunt_ministairs_11,
          minmay_randomly_rotated_circles, uniq_natasha,
          uniq_crazy_yiuf_cottage, uniq_jessica
D:3:      layout_basic, portal_sewer_entry_d, st_stairs_13, uniq_terence
D:4:      layout_basic, minmay_temple_entry_glassed_door, serial_corexii_hall,
          chequers_hall_statues_corner_a, chequers_hall_statues_corner_a
D:5:      layout_rooms, lemuel_crystal_altar, nicolae_ru_sacrificial_ziggurat,
          serial_shops, nicolae_stop_n_shop_2, uniq_eustachio
D:6:      layout_cave_pods, mainiacjoe_overflow_paths, skrybe_limestone_x,
          uniq_maggie
D:7:      layout_basic, lemuel_mausoleum_altar_yredelemnul
D:8:      layout_rooms, okawaru_altar_gauntlet_db, lightli_temple_of_fire,
          nzn_ghost_randoct
D:9:      layout_roguey, nicolae_vehumet_radiance,
          nicolae_overflow_hidden_temple, minmay_lair_entry_grove
Temple:   hellmonk_temple_rainy

Skill      XL: |  1  2  3  4  5  6  7  8  9 10 |
---------------+-------------------------------+-----
Fighting       | 3 4 5 6 8 9 10 | 10.0
Ranged Weapons | 5 6 8 |  8.2
Dodging        | 2 3 4 |  4.0
Stealth        | 3 4 6 |  6.0
Evocations     | 1 4 5 |  5.0
Invocations    | 4 5 |  5.0

Action                     |  1- 3 |  4- 6 |  7- 9 | 10-12 || total
---------------------------+-------+-------+-------+-------++-------
  Melee: Short sword       |       |    76 |   345 |   196 ||   617
   Fire: Shortbow          |    76 |    70 |     4 |       ||   150
  Evoke: Wand              |       |       |       |     1 ||     1
    Use: Scroll            |     1 |     4 |     3 |     1 ||     9
   Stab: Sleeping          |       |     3 |     7 |     1 ||    11
         Distracted        |       |       |       |     1 ||     1
 Armour: Leather armour    |    10 |    76 |   137 |    81 ||   304
  Dodge: Dodged            |    11 |    65 |   152 |   104 ||   332

Table legend: (Time is in decaauts)
 A = Elapsed time spent in this place.
 B = Non-inter-level travel time spent in this place.
 C = Inter-level travel time spent in this place.
 D = Time resting spent in this place.
 E = Time spent auto-exploring this place.
 F = Levels seen in this place.
 G = Mean time per level.
                   A        B        C        D        E       F      G
               +--------+--------+--------+--------+--------+-----+--------+
         Total |   8554 |   8187 |    367 |   1002 |   5368 |  11 |  777.6 |
       Dungeon |   8341 |   7988 |    353 |    955 |   5300 |   9 |  926.8 |
        Temple |     28 |     14 |     14 |      0 |      0 |   1 |   28.0 |
         Sewer |    184 |    184 |      0 |     47 |     68 |   1 |  184.0 |
               +--------+--------+--------+--------+--------+-----+--------+

Top non-repeatable levels by time:
     D:2: 1682 daAuts
     D:6: 1127 daAuts
     D:7: 1017 daAuts
     D:4: 989 daAuts
     D:5: 980 daAuts
     D:3: 908 daAuts
     D:1: 848 daAuts
     D:8: 753 daAuts
   Sewer: 184 daAuts
     D:9: 34 daAuts
  Temple: 28 daAuts
